 Dungeon Crawl Stone Soup version 0.31.0-11-ge490571c62 (webtiles) character file.

Game seed: 6645639946335483129

710194 Ofeo the Metallomancer (level 27, -2/274 HPs)
             Began as a Demonspawn Alchemist on Jan 22, 2024.
             Was the Champion of Vehumet.
             Slain by a demonic crawler (6 damage)
             ... in Pandemonium on Jan 27, 2024.
             The game lasted 05:12:40 (99333 turns).

Ofeo the Metallomancer (Demonspawn Alchemist)      Turns: 99333, Time: 05:12:41

Health: -2/274     AC: 39    Str: 17      XL:     27
Magic:  44/44      EV: 28    Int: 35 (36) God:    Vehumet [******]
Gold:   4636       SH:  5    Dex: 25      Spells: 4/61 levels left

rFire   + + .        a - +18 lance "Wyrmbane" {slay drac, rPois rF+ rC+ AC+3}
rCold   + + .        (no shield)
rNeg    + + .        P - +9 pearl dragon scales
rPois   +            (helmet restricted)
rElec   +            W - +1 cloak of the Loofah {Dex+5}
rCorr   +            (gloves unavailable)
SInv    .            F - +0 pair of boots "Erumi" {rCorr Str-4 Int+5}
Will    ++++.        i - amulet of the Shouting Gods {Reflect rC+ rN+ Dex+6 SH+5}
Stlth   ++           v - ring of the Blue Skies {rF+ Int+6}
HPRegen 0.65/turn    O - ring of Eternity {^Contam rElec Will++ Str+6}
MPRegen 0.29/turn

%: reflection
@: agile, on fire, glowing, studying 4 skills
A: thin metallic scales 3, icemail 2, powered by pain 3, robust 3, condensation
shield, demonic touch 3, antennae 1, deterioration 2, shaggy fur 1, strong 1, no
potion heal 1, subdued magic 1
}: 5/15 runes: barnacled, slimy, silver, abyssal, gossamer
a: Renounce Religion


You were in Pandemonium.
You worshipped Vehumet.
Vehumet was exalted by your worship.
You visited 12 branches of the dungeon, and saw 56 of its levels.
You visited Pandemonium 1 time, and saw 2 of its levels.
You visited the Abyss 1 time.
You also visited: Ossuary and Bailey.

You collected 8324 gold pieces.
You spent 3688 gold pieces at shops.

Inventory:

Hand Weapons
 a - the +18 lance "Wyrmbane" (weapon) {slay drac, rPois rF+ rC+ AC+3}
   (You took it off a hell knight on level 5 of the Vaults)

   AC+3:      It affects your AC (+3).
   rF+:       It protects you from fire.
   rC+:       It protects you from cold.
   rPois:     It protects you from poison
Missiles
 c - 7 throwing nets
Armour
 n - an orb of mayhem
 p - a +2 buckler of positive energy
 x - the +0 ice dragon scales of Objectivity {rElec rF- rC++ Will- Regen+ Dex+2}
   (You took it off a deep elf high priest on level 3 of the Elven Halls)

   Dex+2:     It affects your dexterity (+2).
   rF-:       It makes you vulnerable to fire.
   rC++:      It greatly protects you from cold.
   rElec:     It insulates you from electricity.
   Will-:     It decreases your willpower.
   Regen+:    It increases your rate of health regeneration.
 B - a +2 helmet of see invisible
 F - the +0 pair of boots "Erumi" (worn) {rCorr Str-4 Int+5}
   (You acquired it on level 3 of the Lair of Beasts)

   Str-4:     It affects your strength (-4).
   Int+5:     It affects your intelligence (+5).
   rCorr:     It protects you from acid and corrosion.
 K - a +2 cloak of preservation
 M - a +2 kite shield of protection
 P - +9 pearl dragon scales (worn)
 U - the +4 robe of Folly {Brill Will-∞ Int+8}
   (You found it on level 3 of the Lair of Beasts)

   Brill:     It increases the power of your magical spells and halves their MP
   cost (rounding up).
   Will-∞: It reduces your willpower to zero.
   Int+8:     It affects your intelligence (+8).
 W - the +1 cloak of the Loofah (worn) {Dex+5}
   (You found it in Pandemonium)

   Dex+5:     It affects your dexterity (+5).
Magical Staves
 b - a staff of conjuration
Jewellery
 i - the amulet of the Shouting Gods (around neck) {Reflect rC+ rN+ Dex+6 SH+5}
   (You acquired it on level 5 of the Vaults)

   [amulet of reflection]

   Reflect:   It reflects blocked missile attacks.
   Dex+6:     It affects your dexterity (+6).
   rC+:       It protects you from cold.
   rN+:       It protects you from negative energy.
   SH+5:      It affects your SH (+5).
 v - the ring of the Blue Skies (left hand) {rF+ Int+6}
   (You took it off an ironbound preserver on level 5 of the Vaults)

   [ring of intelligence]

   Int+6:     It affects your intelligence (+6).
   rF+:       It protects you from fire.
 w - an amulet of regeneration
 O - the ring of Eternity (right hand) {^Contam rElec Will++ Str+6}
   (You found it on level 10 of the Dungeon)

   [ring of strength]

   Str+6:     It affects your strength (+6).
   rElec:     It insulates you from electricity.
   Will++:    It greatly increases your willpower.
   ^Contam:   It causes magical contamination when unequipped.
 S - the ring "Eneqe" {rElec rF+ MP+9}
   (You found it in Pandemonium)

   [ring of magical power]

   rF+:       It protects you from fire.
   rElec:     It insulates you from electricity.
   MP+9:      It affects your magic capacity (+9).
Talismans
 h - the death talisman of Juvot {rElec Str+3 Int-2 Dex+6}
   (You found it on level 3 of the Crypt)

   [talisman of death]

   Str+3:     It affects your strength (+3).
   Int-2:     It affects your intelligence (-2).
   Dex+6:     It affects your dexterity (+6).
   rElec:     It insulates you from electricity.
Wands
 j - a wand of light (12)
 z - a wand of digging (30) {@v1}
 E - a wand of iceblast (29) {@v4}
 Z - a wand of charming (60)
Scrolls
 d - 4 scrolls of butterflies
 f - 2 scrolls of silence
 g - 5 scrolls of revelation
 u - 10 scrolls of vulnerability
 C - 17 scrolls of fog
 D - 22 scrolls of enchant weapon
 J - 5 scrolls of amnesia
 L - 7 scrolls of fear
 T - 29 scrolls of teleportation {@r3}
Potions
 e - 8 potions of enlightenment
 k - 4 potions of magic
 l - 10 potions of lignification
 m - 8 potions of might {@q4}
 q - 12 potions of curing {@q1}
 r - 7 potions of resistance {@q6}
 s - 2 potions of haste {@q3}
 t - a potion of mutation
 A - 11 potions of ambrosia
 H - 2 potions of cancellation
 I - 4 potions of invisibility
 Q - 5 potions of attraction
 R - 5 potions of berserk rage
 Y - 9 potions of brilliance
Miscellaneous
 o - a phantom mirror
 y - a sack of spiders
 N - a condenser vane
 V - a lightning rod (4/4)
 X - a phial of floods


   Skills:
 + Level 16.2 Fighting
 - Level 12.0 Polearms
 * Level 17.4 Armour
 - Level 17.3 Dodging
 - Level 15.7 Stealth
 - Level 10.0 Shields
 - Level 17.9 Spellcasting
 - Level 10.1 Conjurations
 - Level 10.0 Summonings
 - Level 13.4 Fire Magic
 - Level 6.8 Ice Magic
 - Level 9.0 Air Magic
 - Level 22.0 Earth Magic
 - Level 8.7 Alchemy
 - Level 17.7 Evocations


You had 4 spell levels left.
You knew the following spells:

 Your Spells              Type           Power      Damage    Failure   Level
a - Plasma Beam           Fire/Air       35%        2x1d49    1%          6
b - Conjure Ball Lightni  Conj/Air       33%        3x3d11    1%          6
c - Starburst             Conj/Fire      36%        6d11      1%          6
d - Iskenderun's Mystic   Conj/Tloc      50%        2d11      1%          4
e - Olgreb's Toxic Radia  Alch           64%        N/A       1%          4
f - Shatter               Erth           48%        3d37*     9%          9
g - Yara's Violent Unrav  Hex/Alch       23%        3d10      3%          5
h - Lehudib's Crystal Sp  Conj/Erth      42%        10d10     6%          8
i - Animate Armour        Summ/Erth      100%       N/A       1%          4
j - Fireball              Conj/Fire      36%        3d15      1%          5

Your spell library contained the following spells:

 Spells                   Type           Power      Damage    Failure   Level
 Sandblast                Erth           100%       2d20      0%          1
 Scorch                   Fire           100%       2d9       0%          2
 Stone Arrow              Conj/Erth      100%       3d13      0%          3
 Freeze                   Ice            100%       1d10      1%          1
 Sting                    Conj/Alch      100%       1d9       1%          1
 Summon Small Mammal      Summ           100%       N/A       1%          1
 Cigotuvi's Dreadful Rot  Necr/Alch/Air  100%       N/A       1%          2
 Ensorcelled Hibernation  Hex/Ice        84%        N/A       1%          2
 Mercury Vapours          Alch/Air       100%       N/A       1%          2
 Momentum Strike          Conj/Tloc      100%       3d10      1%          2
 Static Discharge         Conj/Air       100%       3-8/arc   1%          2
 Call Canine Familiar     Summ           67%        N/A       1%          3
 Dazzling Flash           Conj/Hex       100%       N/A       1%          3
 Frozen Ramparts          Ice            100%       1d16      1%          3
 Hailstorm                Conj/Ice       63%        3d12      1%          3
 Inner Flame              Hex/Fire       57%        N/A       1%          3
 Mephitic Cloud           Conj/Alch/Air  65%        N/A       1%          3
 Ozocubu's Armour         Ice            57%        N/A       1%          3
 Summon Ice Beast         Ice/Summ       62%        N/A       1%          3
 Swiftness                Air            64%        N/A       1%          3
 Volatile Blastmotes      Fire/Tloc      100%       2d18      1%          3
 Airstrike                Air            32%        2d(5-21)  1%          4
 Flame Wave               Conj/Fire      72%        2d16      1%          4
 Ignite Poison            Fire/Alch      71%        N/A       1%          4
 Leda's Liquefaction      Alch/Erth      41%        N/A       1%          4
 Petrify                  Alch/Erth      82%        N/A       1%          4
 Sticky Flame             Fire/Alch      71%        2d11      1%          4
 Summon Blazeheart Golem  Fire/Summ      72%        N/A       1%          4
 Summon Lightning Spire   Summ/Air       66%        N/A       1%          4
 Apportation              Tloc           48%        N/A       2%          1
 Necrotise                Necr           96%        1d8       2%          1
 Blink                    Tloc           48%        N/A       3%          2
 Jinxbite                 Hex            48%        N/A       3%          2
 Lesser Beckoning         Tloc           48%        N/A       3%          2
 Fugue of the Fallen      Necr           24%        N/A       7%          3
 Gell's Gravitas          Tloc           24%        N/A       7%          3
 Teleport Other           Tloc           24%        N/A       7%          3
 Tukima's Dance           Hex            24%        N/A       7%          3
 Anguish                  Hex/Necr       12%        N/A       24%         4
 Animate Dead             Necr           24%        N/A       24%         4
 Dimensional Bullseye     Hex/Tloc       12%        N/A       24%         4
 Dispel Undead            Necr           24%        3d12      24%         4
 Manifold Assault         Tloc           24%        N/A       24%         4
 Alistair's Intoxication  Alch           42%        N/A       1%          5
 Arcjolt                  Conj/Air       33%        1d43      1%          5
 Borgnjor's Vile Clutch   Necr/Erth      35%        N/A       1%          5
 Freezing Cloud           Conj/Ice/Air   31%        6-21      1%          5
 Eringya's Noxious Bog    Alch           32%        4d6       2%          6
 Summon Forest            Summ/Tloc      25%        N/A       9%          5
 Summon Mana Viper        Hex/Summ       50%        N/A       9%          5
 Metabolic Englaciation   Hex/Ice        21%        N/A       16%         5
 Sculpt Simulacrum        Ice/Alch       30%        N/A       16%         6
 Monstrous Menagerie      Summ           33%        N/A       34%         7
 Summon Hydra             Summ           33%        N/A       34%         7
 Curse of Agony           Necr           24%        N/A       58%         5
 Maxwell's Capacitive Co  Air            32%        ∞         69%         8
 Haunt                    Necr/Summ      25%        N/A       96%         7
 Dispersal                Tloc           12%        N/A       99%         6
 Enfeeble                 Hex            12%        N/A       100%        7
 Disjunction              Tloc           12%        N/A       100%        8
 Infestation              Necr           12%        N/A       100%        8
 Polar Vortex             Ice            28%        12d3*     100%        9


Dungeon Overview and Level Annotations

Branches:
Dungeon (15/15)            Temple (1/1) D:6            Lair (5/5) D:10
 Shoals (4/4) Lair:3       Spider (4/4) Lair:3        Slime (5/5) Lair:5
    Orc (2/2) D:11            Elf (3/3) Orc:2        Vaults (5/5) D:13
  Crypt (3/3) Vaults:2       Tomb (0/3) Crypt:3      Depths (4/4) D:15
    Zot (5/5) Depths:4    Ossuary (visited)          Bailey (visited)

Altars:
Ashenzari
Cheibriados
Dithmenos
Fedhas
Gozag
Hepliaklqana
Kikubaaqudgha
Makhleb
Nemelex Xobeh
Okawaru
Qazlal
Ru
Sif Muna
Trog
Uskayaw
Vehumet
Wu Jian
Xom
Yredelemnul
Jiyva
Lugonu

Shops:
D:3 [   D:11 [   D:14 !   Orc:2 [!:*   Elf:1 !   Elf:3 *   Shoals:2 =
Shoals:3 =?   Vaults:1 *   Vaults:2 (   Vaults:3 [*   Vaults:4 [   Depths:2 ==
Depths:4 :

Portals:
Hell: Depths:1 Depths:2 Depths:3 Depths:4
Abyss: Lair:5 Depths:3
Pandemonium: Orc:2 Depths:2* Depths:3
Ziggurat: Depths:1

Annotations:
D:10 3 runed translucent doors, jkubb29's ghost, journeyman DsNe
Elf:1 3 runed translucent doors, Doblui's ghost, adept MiFi; Nezug's ghost, adept DsSh; Xusiz's ghost, adept OpSh
Elf:2 3 runed translucent doors
Vaults:4 handsome's ghost, veteran OpWn


Innate Abilities, Weirdness & Mutations

You are completely covered in thin metallic scales. (AC +4, rElec)
A meltable icy envelope protects you from harm. (AC +0)
You are powered by pain.
You are extremely robust. (+30% HP)
A meltable shield of frost defends you. (SH +0)
Your touch may irresistibly damage your foes and sap their willpower.
You have a pair of small antennae on your head.
Your body often deteriorates upon taking damage.
You are covered in fur. (AC +1)
Your muscles are strong. (Str +4, Int/Dex -1)
Potions are less effective at restoring your health.
Your spells are a little easier to cast, but a little less powerful.


Message History

* * * LOW HITPOINT WARNING * * *
You take 1 damage, and have 8/274 hp.
Your system partially rejects the healing.
You feel better. The liquid fire burns you!
* * * LOW HITPOINT WARNING * * *
The demonic crawler completely misses you.
The demonic crawler closely misses you.
The demonic crawler hits you but does no damage.
You take 2 damage, and have 6/274 hp.
Your system partially rejects the healing.
You feel better. The liquid fire burns you!
* * * LOW HITPOINT WARNING * * *
The demonic crawler closely misses you. The demonic crawler barely misses you.
The demonic crawler hits you but does no damage.
You take 1 damage, and have 5/274 hp.
Your system partially rejects the healing.
You feel better. The liquid fire burns you!
* * * LOW HITPOINT WARNING * * *
The demonic crawler completely misses you.
You block the demonic crawler's attack. The demonic crawler misses you.
The demonic crawler completely misses you. x2
The demonic crawler misses you.
You take 3 damage, and have 2/274 hp.
Your system partially rejects the healing.
You feel better. The liquid fire burns you!
* * * LOW HITPOINT WARNING * * *
The demonic crawler closely misses you.
The demonic crawler completely misses you.
The demonic crawler misses you.
You regained 3 hp, and now have 5/274 hp.
Your system partially rejects the healing.
You feel better. The liquid fire burns you!
* * * LOW HITPOINT WARNING * * *
The demonic crawler hits you.
You die...

.........∩..#..#.
#......(.%)........#.
#..................#.
#........1.........#.
#............#.......
#.......#............
#.......#............
#....s....#..........
#...@................
#.........#.##.#.....
#.[....#'##.##.......
#.####.#...........#.
#. .#............# #
.#............#
#............#
#....##......#
#....##.....#.


You could see a Tzitzimitl and a demonic crawler.

Vanquished Creatures
  the Royal Jelly (Slime:5)
  A pandemonium lord (Pan)
  4 dread liches
  7 orbs of fire
  4 ancient liches
  A juggernaut (Depths:3)
  Sojobo (Depths:4)
  The ghost of Netemen the Gnoll Aeon, a master GnFi of Cheibriados (Zot:5)
  Boris (Vaults:5)
  12 Killer Klowns
  5 curse toes
  14 golden dragons
  2 bone dragons
  Nikola (Shoals:3)
  Arachne (Spider:4)
  2 doom hounds (Crypt:3)
  A Tzitzimitl (Crypt:3)
  4 electric golems
  A Hell Sentinel (Pan)
  Jorgrun (Elf:2)
  6 Brimstone Fiends (Pan)
  2 Ice Fiends (Pan)
  Mlioglotl (Spider:2)
  A walking crystal tome (Depths:3)
  7 liches
  21 tentacled monstrosities
  A shard shrike skeleton (Crypt:3)
  25 Orb Guardians (Zot:5)
  A deep elf blademaster (Elf:3)
  Grunn (Crypt:3)
  2 titans (Vaults:5)
  3 quicksilver dragons
  Asterion (Vaults:3)
  3 deep elf master archers (Elf:3)
  23 acid blobs
  5 sphinxes
  8 ancient champions
  7 death cobs
  9 Executioners (Pan)
  Polyphemus (Shoals:2)
  Aizul (Spider:4)
  6 tentacled starspawn
  8 shadow dragons
  3 tengu reavers
  Ilsuiw (Shoals:2)
  18 azure jellies
  18 storm dragons
  8 emperor scorpions
  2 draconian monks
  7 draconian shifters
  6 draconian knights
  4 revenants
  2 protean progenitors
  19 rockslimes
  6 fire giants
  14 vault wardens
  2 demonspawn warmongers (Pan)
  5 balrugs (Pan)
  10 deep elf sorcerers
  8 frost giants
  4 draconian scorchers
  5 curse skulls
  3 deep elf elementalists (Elf:3)
  3 iron dragons
  Louise (Spider:2)
  An angel (Shoals:4)
  4 draconian stormcallers
  An orc warlord (Vaults:4)
  3 ghouls
  13 ironbound preservers
  8 ghost moths
  3 reapers
  9 draconian annihilators
  A broodmother (Spider:1)
  3 demonspawn blood saints (Pan)
  A demonspawn corrupter (Pan)
  23 quicksilver oozes
  13 cacodemons (Pan)
  9 vampire knights
  15 black draconians
  8 very ugly things
  A caustic shrike skeleton (Crypt:2)
  16 stone giants
  16 green draconians
  2 apis (Shoals:4)
  4 deep elf demonologists
  A demonspawn black sun (Pan)
  2 ironbound thunderhulks
  6 deep elf death magi
  2 war gargoyles
  A spectral titan (Vaults:4)
  16 yellow draconians
  7 dire elephants
  15 white draconians
  10 deep elf annihilators
  7 eidola
  5 spark wasps
  11 red draconians
  2 blizzard demons
  12 purple draconians
  The ghost of Sadonosm the Carver, a journeyman DgSk (Lair:3)
  6 merfolk javelineers
  6 ettins
  A crystal guardian (D:15)
  11 merfolk impalers
  6 fire dragons
  4 green deaths
  A spriggan zombie (Crypt:2)
  6 entropy weavers
  Josephine (Lair:3)
  6 jiangshi
  24 vault guards
  11 yaktaur captains
  5 deep elf high priests
  4 rakshasas
  2 hell beasts
  A fenstrider witch zombie (Crypt:2)
  11 great orbs of eyes
  5 ogre magi (Vaults:5)
  2 spriggan air magi
  2 demonspawn (Orc:2)
  6 catoblepae
  6 radroaches
  4 satyrs
  10 ice dragons
  7 boulder beetles
  4 merfolk avatars
  3 hydras
  15 centaur warriors
  9 merfolk aquamancers
  A spriggan skeleton (Abyss:2)
  An alligator snapping turtle (Shoals:1)
  An Orb Guardian zombie (Crypt:1)
  A bennu zombie (Crypt:3)
  2 death knights
  8 ironbound frosthearts
  9 demonic crawlers
  A two-headed ogre (shapeshifter) (Lair:5)
  2 jorogumos (Spider:4)
  7 two-headed ogres
  4 tengu warriors
  3 hell hogs (Abyss:1)
  A titan zombie (Abyss:1)
  3 deep troll shamans
  7 thrashing horrors
  6 death yaks
  15 dancing weapons
  12 vampire magi
  An occultist (Depths:3)
  A sphinx skeleton (Crypt:3)
  4 orc high priests (Orc:2)
  A quicksilver ooze zombie (Crypt:1)
  The ghost of Shen the Blocker, a novice OpFi of Jiyva (Lair:5)
  10 deep troll earth magi
  5 hell knights
  A spectral elf (Vaults:4)
  2 spriggan berserkers (Depths:3)
  23 soul eaters
  A naga sharpshooter (D:15)
  21 sun demons (Pan)
  Nergalle (Lair:3)
  Sonja (D:13)
  9 deep elf knights
  6 iron trolls
  10 sixfirhies
  4 fire crabs (D:15)
  8 pharaoh ants
  A titan skeleton (Crypt:2)
  3 cherubim (Shoals:4)
  A shadow wraith (Crypt:3)
  5 skysharks
  3 wretched stars
  2 spectral yaktaurs (Vaults:4)
  4 spectral humans (Vaults:4)
  A death drake (shapeshifter) (Vaults:5)
  38 deep trolls
  A spatial maelstrom (Abyss:2)
  24 skeletal warriors
  3 flayed ghosts
  A spark wasp zombie (Crypt:1)
  13 orb spiders
  10 sea snakes
  2 golden dragon skeletons
  10 arcanists
  An obsidian statue (Zot:5)
  A spriggan simulacrum (Crypt:2)
  11 deep elf archers
  7 glowing orange brains
  15 lindwurms
  2 orange crystal statues (Abyss:3)
  18 ironbound convokers
  2 shadow demons
  2 mana vipers (shapeshifter)
  4 necromancers
  14 phantasmal warriors
  4 steelbarb worms
  A tengu zombie (Vaults:3)
  18 wolf spiders
  11 orc knights
  19 deep elf zephyrmancers
  17 ugly things
  22 harpies
  23 deep elf pyromancers
  An iron dragon zombie (Crypt:2)
  14 fauns
  A jorogumo zombie (Crypt:3)
  8 cyclopes
  8 orc sorcerers
  31 moths of wrath
  A shadow dragon skeleton (Crypt:3)
  2 frost giant zombies
  A shock serpent zombie (Crypt:2)
  4 shining eyes
  5 kobold blastminers (Orc:1)
  17 merfolk sirens
  11 manticores
  4 rust devils
  6 meliai
  A guardian serpent (Abyss:2)
  8 water nymphs
  9 torpor snails
  An apocalypse crab (Abyss:2)
  23 elephants
  6 salamanders
  17 vault sentinels
  2 eyes of devastation
  A stone giant skeleton (Crypt:3)
  4 black mambas
  A naga zombie (Crypt:2)
  A cane toad (shapeshifter) (Lair:5)
  A white draconian zombie (Crypt:3)
  6 gargoyles (D:15)
  28 smoke demons
  2 kobold demonologists
  2 hellions (Pan)
  9 orange demons (Pan)
  A rime drake (shapeshifter) (Lair:5)
  23 large abominations
  14 cane toads
  3 freezing wraiths
  8 rime drakes
  2 efreet
  10 yaktaurs
  3 tengu conjurers
  4 komodo dragons
  A yaktaur (shapeshifter) (Vaults:5)
  6 ancient zymes
  5 guardian mummies
  24 merfolk
  A red devil (Pan)
  4 polar bears
  A shadow dragon simulacrum (Vaults:4)
  8 trolls
  A wind drake (shapeshifter) (D:15)
  3 hellwings (Pan)
  4 wind drakes
  6 hornets
  3 human zombies
  8 raiju
  A hydra skeleton (Crypt:1)
  3 glass eyes
  18 tarantellas
  A wolf spider simulacrum (D:15)
  29 blink frogs
  A frost giant simulacrum (Vaults:4)
  3 human simulacra (Vaults:4)
  A snapping turtle (shapeshifter) (Vaults:5)
  11 snapping turtles
  A centaur simulacrum (D:14)
  A dream sheep (shapeshifter) (D:15)
  63 slime creatures
  31 jumping spiders
  20 culicivoras
  8 air elementals
  11 water elementals
  A vampire (D:6)
  A shadow (D:9)
  17 wraiths
  A spriggan (Lair:5)
  8 wyverns
  18 small abominations
  35 yaks
  9 ynoxinuls
  A tyrant leech zombie (Crypt:2)
  4 fire bats (Abyss:2)
  3 wargs
  6 basilisks
  A fire elemental (Elf:2)
  37 redbacks
  11 neqoxecs
  4 chaos spawn
  A spatial vortex (Abyss:2)
  2 death yak simulacra (Lair:3)
  A yaktaur simulacrum (Vaults:4)
  A harpy simulacrum (D:14)
  2 vampire mosquitoes (D:12)
  A hydra simulacrum (Lair:3)
  12 water moccasins
  2 acid dragons
  3 black bears
  An ettin simulacrum (Vaults:4)
  42 orc warriors
  An ice beast (D:7)
  11 laughing skulls
  3 black mamba simulacra (Lair:3)
  2 sky beasts (D:8)
  6 ogres
  A boggart (D:14)
  A hog zombie (Crypt:2)
  4 centaurs
  12 starcursed masses
  A rime drake zombie (Crypt:2)
  A phantom (D:5)
  A brain worm (Abyss:1)
  A yaktaur zombie (Crypt:3)
  2 kobold brigands (D:13)
  A brain worm (shapeshifter) (D:14)
  A rime drake skeleton (Crypt:1)
  15 bullfrogs
  2 gnoll sergeants
  A warg zombie (Crypt:3)
  A glowing shapeshifter simulacrum (Vaults:3)
  A cane toad simulacrum (Lair:3)
  2 earth elementals
  6 scorpions
  A dream sheep simulacrum (Lair:3)
  6 killer bees (D:11)
  8 howler monkeys
  4 crimson imps
  2 bombardier beetles
  A quasit (Abyss:2)
  A hound (D:5)
  18 orc priests
  3 jellies
  2 gnoll boudas
  Jessica (D:2)
  4 iguanas
  12 orc wizards
  5 scorpion zombies (Ossuary)
  A boggart zombie (Crypt:1)
  A deep dwarf skeleton (Crypt:3)
  3 mummies (Ossuary)
  15 gnolls
  4 adders
  A howler monkey skeleton (Crypt:1)
  A white imp (Abyss:2)
  2 ufetubi
  An iguana skeleton (Crypt:2)
  4 adder zombies (Ossuary)
  4 dart slugs
  6 ribbon worms
  76 orcs
  6 bats
  8 endoplasms
  6 giant cockroaches
  12 goblins
  6 hobgoblins
  8 jackals
  8 kobolds
  6 quokkas
  A ball python (D:1)
  A ball python skeleton (Crypt:3)
  2 frilled lizards
  6 gnoll zombies (Ossuary)
  A jackal zombie (Ossuary)
  A kobold zombie (Ossuary)
  8 rats
  A rat skeleton (Crypt:3)
  A rat zombie (Crypt:1)
  2 aspiring fleshes
  5 starspawn tentacles
2456 creatures vanquished.

Vanquished Creatures (collateral kills)
  An electric golem (Zot:3)
  A tentacled monstrosity (Zot:3)
  A titan (Vaults:5)
  A death cob (Zot:1)
  A quicksilver dragon (Zot:1)
  2 acid blobs
  2 rockslimes (Slime:5)
  2 frost giants
  3 vault wardens
  A draconian scorcher (Zot:1)
  6 ironbound preservers
  5 very ugly things
  2 green draconians
  A stone giant (Zot:3)
  A dire elephant (Vaults:4)
  A black draconian (Depths:4)
  2 yellow draconians
  A deep elf high priest (Vaults:4)
  4 yaktaur captains
  2 great orbs of eyes (Slime:3)
  9 vault guards (Vaults:5)
  A boulder beetle (Vaults:3)
  A deep troll shaman (Depths:4)
  6 hell knights
  A vampire mage (Depths:4)
  A deep elf knight (Elf:2)
  5 iron trolls
  A pharaoh ant (Spider:4)
  17 deep trolls
  3 ironbound convokers
  6 lindwurms
  A phantasmal warrior (Vaults:5)
  2 deep elf archers (Elf:2)
  2 glowing orange brains
  5 necromancers
  A deep elf pyromancer (Elf:2)
  An elf skeleton (Vaults:3)
  A shining eye (Slime:3)
  2 ugly things (Depths:4)
  2 deep elf zephyrmancers (Elf:2)
  A human zombie (Vaults:2)
  2 moths of wrath
  A torpor snail (Spider:3)
  A freezing wraith (Vaults:5)
  A yaktaur (Vaults:5)
  A human skeleton (Vaults:2)
  2 culicivoras
  2 glass eyes
  17 slime creatures
  4 jumping spiders (Spider:4)
  6 redbacks
  A glowing shapeshifter zombie (Vaults:2)
147 creatures vanquished.

Vanquished Creatures (others)
  A curse toe (Zot:1)
  A lich (Depths:3)
  An acid blob (Slime:3)
  A titan (Vaults:5)
  A shadow dragon (Vaults:5)
  2 storm dragons (Zot:3)
  A tengu reaver (Depths:4)
  2 iron dragons
  A fire giant (Vaults:5)
  A draconian scorcher (Zot:1)
  A rockslime (Slime:5)
  A ghost moth (Zot:4)
  A draconian annihilator (Zot:1)
  An ironbound thunderhulk (Vaults:3)
  A vampire knight (Depths:4)
  A dire elephant (Vaults:3)
  A red draconian (Zot:1)
  A black draconian (Zot:1)
  A purple draconian (Zot:1)
  A fire dragon (Zot:1)
  A yaktaur captain (Vaults:4)
  2 vault guards
  A radroach (Spider:3)
  A centaur warrior (Vaults:2)
  A deep troll earth mage (Depths:1)
  A hell knight (Vaults:5)
  4 deep trolls
  An arcanist (Vaults:1)
  An ironbound convoker (Vaults:3)
  A lindwurm (Vaults:4)
  A deep elf zephyrmancer (Elf:3)
  A wolf spider (Spider:4)
  2 moths of wrath
  A vault sentinel (Vaults:4)
  A smoke demon (Depths:2)
  A yaktaur (Vaults:5)
  A jumping spider (Spider:4)
  5 slime creatures
  A human (D:10)
  An ufetubus (Abyss:1)
  28 ball lightnings
  28 starspawn tentacles
107 creatures vanquished.

Grand Total: 2710 creatures vanquished

Notes
Turn   | Place    | Note
-------+----------+-------------------------------------------
     0 | D:1      | Ofeo the Demonspawn Alchemist began the quest for the Orb.
     0 | D:1      | Reached XP level 1. HP: 13/13 MP: 3/3
   500 | D:1      | Gained mutation: You sometimes gain a little power by
                  | taking damage. [demonic ancestry]
   500 | D:1      | Reached XP level 2. HP: 19/19 MP: 1/5
  1443 | D:2      | Gained mutation: You are partially covered in thin metallic
                  | scales. (AC +2) [demonic ancestry]
  1443 | D:2      | Reached XP level 3. HP: 24/24 MP: 1/6
  1609 | D:2      | Noticed Jessica
  1619 | D:2      | Killed Jessica
  1624 | D:2      | Learned a level 2 spell: Mercury Vapours
  1628 | D:2      | Learned a level 3 spell: Mephitic Cloud
  2020 | D:2      | Reached XP level 4. HP: 30/30 MP: 3/7
  3400 | D:3      | Found a faded altar of an unknown god.
  4029 | D:3      | Reached skill level 5 in Alchemy
  4029 | D:3      | Reached XP level 5. HP: 35/35 MP: 4/8
  4205 | D:3      | Found Wetipeig's Armour Shop.
  4437 | D:4      | Gained mutation: Your touch may inflict minor irresistible
                  | damage on your foes. [demonic ancestry]
  4437 | D:4      | Reached XP level 6. HP: 41/41 MP: 1/9
  4468 | D:4      | Noticed a wyvern
  5157 | D:4      | Killed a wyvern
  5506 | D:4      | Found a shimmering altar of Xom.
  5511 | D:4      | Gained mutation: Your touch may inflict irresistible damage
                  | on your foes. [demonic ancestry]
  5511 | D:4      | Reached XP level 7. HP: 42/46 MP: 7/10
  5832 | D:5      | Entered Level 5 of the Dungeon
  5939 | D:5      | Noticed a wraith
  6035 | D:5      | Found a shadowy altar of Dithmenos.
  6166 | D:5      | Found a sand-covered staircase.
  6189 | Ossuary  | Entered an ossuary
  6211 | Ossuary  | HP: 2/46 [scorpion zombie (2)]
  6249 | Ossuary  | Learned a level 4 spell: Sticky Flame
  6488 | Ossuary  | Reached skill level 1 in Fire Magic
  6763 | Ossuary  | Reached XP level 8. HP: 51/52 MP: 8/11
  7654 | D:5      | Reached skill level 5 in Fire Magic
  8584 | D:6      | Reached XP level 9. HP: 57/57 MP: 3/16
  8640 | D:6      | Reached skill level 5 in Spellcasting
  8958 | D:6      | Identified the +0 leather armour "Oczomuph" {Dex+3}
  9058 | D:6      | Learned a level 4 spell: Olgreb's Toxic Radiance
  9063 | D:6      | Learned a level 4 spell: Ignite Poison
  9200 | D:6      | Found a staircase to the Ecumenical Temple.
  9352 | D:6      | Reached skill level 1 in Fighting
  9388 | Temple   | Entered the Ecumenical Temple
  9404 | Temple   | Became a worshipper of Vehumet
 10633 | D:7      | Found an ornate altar of the Wu Jian Council.
 10643 | D:7      | Found a burning altar of Makhleb.
 10643 | D:7      | Found a stormy altar of Qazlal.
 10646 | D:7      | Found a hazy altar of Hepliaklqana.
 11976 | D:8      | Reached * piety under Vehumet
 11976 | D:8      | Offered knowledge of Sandblast by Vehumet.
 11981 | D:8      | Reached skill level 5 in Dodging
 12067 | D:8      | Gained mutation: A meltable shield of frost defends you.
                  | (SH +0) [demonic ancestry]
 12067 | D:8      | Reached XP level 10. HP: 66/73 MP: 9/19
 12196 | D:8      | Noticed a two-headed ogre
 12217 | D:8      | Killed a two-headed ogre
 12218 | D:8      | Reached skill level 5 in Fighting
 12979 | D:9      | Reached ** piety under Vehumet
 12979 | D:9      | Offered knowledge of Foxfire by Vehumet.
 13406 | D:10     | Entered Level 10 of the Dungeon
 13406 | D:10     | Found an ancient bone altar of Kikubaaqudgha.
 13484 | D:10     | Found a runed translucent gate.
 13492 | D:10     | Found a runed translucent gate.
 13493 | D:10     | Found a runed translucent gate.
 13497 | D:10     | Noticed jkubb29's ghost (journeyman DsNe)
 13569 | D:10     | Found a staircase to the Lair.
 13619 | D:10     | Found a flagged portal.
 13629 | Bailey   | Entered a bailey
 13717 | Bailey   | Noticed an orc knight
 13729 | Bailey   | Killed an orc knight
 13729 | Bailey   | Offered knowledge of Frozen Ramparts by Vehumet.
 13872 | Bailey   | Noticed a deep elf pyromancer
 13874 | Bailey   | Reached XP level 11. HP: 86/86 MP: 6/20
 13880 | Bailey   | Found a large runed translucent door.
 13880 | Bailey   | Found a large runed translucent door.
 14009 | Bailey   | Learned a level 3 spell: Frozen Ramparts
 14071 | Bailey   | Killed a deep elf pyromancer
 14136 | Bailey   | Identified the +1 leather armour of Awuomic {Str+2 Stlth+}
 14408 | D:10     | Reached *** piety under Vehumet
 14482 | D:10     | Identified the ring of Eternity {^Contam rElec Will++
                  | Str+6}
 14562 | D:10     | Found a bloodstained altar of Trog.
 15569 | D:11     | Found a staircase to the Orcish Mines.
 15841 | D:11     | Offered knowledge of Iskenderun's Mystic Blast by Vehumet.
 16287 | D:11     | Found Aran's Armour Shoppe.
 16394 | D:11     | Reached XP level 12. HP: 94/94 MP: 23/27
 16437 | D:11     | Bought a +0 buckler of reflection for 85 gold pieces
 16483 | Lair:1   | Entered Level 1 of the Lair of Beasts
 16491 | D:10     | Learned a level 4 spell: Iskenderun's Mystic Blast
 16518 | Lair:1   | Noticed a catoblepas
 16540 | Lair:1   | Killed a catoblepas
 16834 | Lair:1   | Reached skill level 5 in Conjurations
 17322 | Lair:1   | Reached skill level 1 in Evocations
 18621 | Lair:3   | Reached skill level 5 in Evocations
 18849 | Lair:3   | Noticed Nergalle
 18855 | Lair:3   | Noticed an eight-headed hydra
 18861 | Lair:3   | Killed Nergalle
 18861 | Lair:3   | Reached **** piety under Vehumet
 18862 | Lair:3   | Reached XP level 13. HP: 99/99 MP: 12/28
 18865 | Lair:3   | Noticed Sadonosm's ghost (journeyman DgSk)
 19174 | Lair:3   | Found a hole to the Spider Nest.
 19193 | Lair:3   | Found a runed translucent gate.
 19193 | Lair:3   | Found a runed translucent gate.
 19197 | Lair:3   | Found a runed translucent gate.
 19537 | Lair:3   | Found the +4 robe of Folly {Brill Will-∞ Int+8}
 19666 | Lair:3   | Noticed Josephine
 19669 | Lair:3   | Offered knowledge of Hailstorm by Vehumet.
 19674 | Lair:3   | Killed Josephine
 20077 | Lair:3   | Found a staircase to the Shoals.
 21052 | Lair:3   | Killed Sadonosm's ghost
 21429 | Lair:3   | Identified the +0 robe "Rusaukol" {rPois Int+3 Dex+4}
 21433 | Lair:3   | Identified a scroll of acquirement
 21434 | Lair:3   | Acquired the +0 pair of boots "Erumi" {rCorr Str-4 Int+5}
 21793 | Lair:4   | Reached ***** piety under Vehumet
 21794 | Lair:4   | Reached skill level 5 in Stealth
 22187 | Lair:4   | Offered knowledge of Ozocubu's Refrigeration by Vehumet.
 22617 | Lair:5   | Entered Level 5 of the Lair of Beasts
 22631 | Lair:5   | Reached skill level 10 in Fighting
 22791 | Lair:5   | Gained mutation: You are mostly covered in thin metallic
                  | scales. (AC +3) [demonic ancestry]
 22791 | Lair:5   | Reached XP level 14. HP: 110/110 MP: 20/29
 22990 | Lair:5   | Found a runed translucent door.
 22990 | Lair:5   | Noticed Shen's ghost (novice OpFi)
 23074 | Lair:5   | Reached skill level 10 in Dodging
 23151 | Lair:5   | Reached skill level 10 in Conjurations
 23449 | Lair:5   | Found a viscous altar of Jiyva.
 23449 | Lair:5   | Found a staircase to the Slime Pits.
 23858 | Lair:5   | Offered knowledge of Brom's Barrelling Boulder by Vehumet.
 24065 | Lair:5   | Found a corrupted altar of Lugonu.
 24065 | Lair:5   | Found a one-way gate to the infinite horrors of the Abyss.
 24412 | Orc:1    | Entered Level 1 of the Orcish Mines
 24820 | Orc:2    | Entered Level 2 of the Orcish Mines
 24897 | Orc:1    | Found a radiant altar of Vehumet.
 25251 | Orc:2    | Found a staircase to the Elven Halls.
 25425 | Orc:2    | Found Ydih's Distillery.
 25462 | Orc:2    | Found Kippiske's General Store.
 25590 | Orc:2    | Bought a condenser vane for 480 gold pieces
 25592 | Orc:2    | Bought a potion of curing for 42 gold pieces
 25592 | Orc:2    | Bought a potion of curing for 42 gold pieces
 25592 | Orc:2    | Bought a potion of lignification for 42 gold pieces
 25592 | Orc:2    | Bought a potion of cancellation for 112 gold pieces
 25653 | Orc:2    | Gained mutation: A meltable icy envelope protects you from
                  | harm. (AC +0) [demonic ancestry]
 25653 | Orc:2    | Reached XP level 15. HP: 113/120 MP: 24/30
 25667 | Orc:2    | Reached ****** piety under Vehumet
 25670 | Orc:2    | Offered knowledge of Plasma Beam by Vehumet.
 25682 | Orc:2    | Reached skill level 10 in Evocations
 25885 | Orc:2    | Found Omaemut's Book Boutique.
 25885 | Orc:2    | Found Hesiroa's Antique Armour Shop.
 25886 | Orc:2    | Found a one-way gate leading to the halls of Pandemonium.
 25895 | Orc:2    | Learned a level 6 spell: Plasma Beam
 25897 | Orc:2    | Bought a runed cloak for 232 gold pieces
 26209 | D:12     | Found an opulent altar of Gozag.
 26482 | D:12     | Reached skill level 1 in Ice Magic
 27181 | D:13     | Found a bloodstained altar of Trog.
 27206 | D:13     | Identified the +5 arbalest "Ratoidd" {drain, Int+4}
 27321 | D:13     | Found a gate to the Vaults.
 27343 | D:13     | Noticed Sonja
 27349 | D:13     | Killed Sonja
 27796 | D:14     | Got the Commentary on Pneumatic Causimancy
 28158 | D:14     | Offered knowledge of Fireball by Vehumet.
 28372 | D:14     | Found Couleaq's Distillery.
 28385 | D:14     | Bought 2 potions of magic for 240 gold pieces
 28385 | D:14     | Bought a potion of haste for 150 gold pieces
 28385 | D:14     | Bought a potion of curing for 45 gold pieces
 28405 | D:15     | Entered Level 15 of the Dungeon
 28917 | D:15     | Paralysed by an air elemental for 1 turns
 29035 | D:15     | Paralysed by an air elemental for 1 turns
 29116 | D:14     | Gained mutation: You are dopey. (Int -2) [mutagenic glow]
 29399 | D:15     | Gained mutation: You are very dopey. (Int -4) [mutagenic
                  | glow]
 29402 | D:15     | Paralysed by an air elemental for 1 turns
 29409 | D:15     | Reached skill level 5 in Ice Magic
 29628 | D:15     | Paralysed by an air elemental for 1 turns
 29636 | D:15     | Reached XP level 16. HP: 127/127 MP: 28/31
 29821 | D:15     | Acquired Siamoen's Encyclopedia of Blasting
 30070 | D:15     | Found a staircase to the Depths.
 30343 | D:15     | HP: 6/127 [crystal guardian/crystal bolt (41)]
 30635 | Shoals:1 | Entered Level 1 of the Shoals
 30636 | Shoals:1 | Upgraded the game from 0.31.0-4-g52a2dc7128 to
                  | 0.31.0-7-gf635a9b802
 30644 | Lair:3   | Learned a level 5 spell: Fireball
 31444 | Shoals:1 | Reached skill level 1 in Air Magic
 31886 | Shoals:2 | Found Lauz's Jewellery Emporium.
 31890 | Shoals:2 | Offered knowledge of Orb of Destruction by Vehumet.
 31890 | Shoals:2 | Noticed Ilsuiw
 31893 | Shoals:2 | Noticed Polyphemus
 31898 | Shoals:2 | Killed Ilsuiw
 31907 | Shoals:2 | Killed Polyphemus
 31909 | Shoals:2 | Reached skill level 15 in Evocations
 32069 | Shoals:2 | Reached skill level 10 in Fire Magic
 32342 | Shoals:3 | Reached skill level 5 in Air Magic
 32421 | Shoals:3 | Found Atotac's Jewellery Emporium.
 32527 | Shoals:3 | Noticed Nikola
 32537 | Shoals:3 | Killed Nikola
 32538 | Shoals:3 | Gained mutation: You are completely covered in thin
                  | metallic scales. (AC +4, rElec) [demonic ancestry]
 32538 | Shoals:3 | Reached XP level 17. HP: 101/133 MP: 15/32
 33192 | Shoals:3 | Found Fissoc's Magic Scroll Emporium.
 33201 | Shoals:3 | Bought a scroll of enchant armour for 82 gold pieces
 33269 | Shoals:4 | Entered Level 4 of the Shoals
 33449 | Shoals:4 | Offered knowledge of Bombard by Vehumet.
 34713 | Shoals:4 | Identified the +7 broad axe "Kazoall" {venom, ^Fragile rF-
                  | Dex+8}
 35671 | Shoals:4 | Found the +10 dark maul {heavy}
 35676 | Shoals:4 | Identified the serpent talisman of Gestures {rN++ Int-3
                  | Slay+6}
 35748 | Shoals:4 | Got a barnacled rune of Zot
 36800 | Vaults:1 | Entered Level 1 of the Vaults
 37063 | Vaults:1 | Found Naeps's General Store.
 37071 | Vaults:1 | Bought a scroll of teleportation for 45 gold pieces
 37883 | Vaults:1 | Offered knowledge of Maxwell's Capacitive Coupling by
                  | Vehumet.
 38161 | Vaults:1 | Gained mutation: Your touch may irresistibly damage your
                  | foes and sap their willpower. [demonic ancestry]
 38161 | Vaults:1 | Reached XP level 18. HP: 127/140 MP: 33/33
 38782 | Vaults:2 | Lost mutation: You are very dopey. (Int -4) [potion of
                  | mutation]
 38782 | Vaults:2 | Lost mutation: You are dopey. (Int -2) [potion of mutation]
 38782 | Vaults:2 | Gained mutation: You are vulnerable to heat. (rF-) [potion
                  | of mutation]
 38782 | Vaults:2 | Gained mutation: You occasionally lose the ability to read
                  | scrolls when taking damage. [potion of mutation]
 38782 | Vaults:2 | Gained mutation: You are somewhat resistant to further
                  | mutation. [potion of mutation]
 38783 | Vaults:2 | Lost mutation: You occasionally lose the ability to read
                  | scrolls when taking damage. [potion of mutation]
 38783 | Vaults:2 | Lost mutation: You are somewhat resistant to further
                  | mutation. [potion of mutation]
 38783 | Vaults:2 | Lost mutation: You are vulnerable to heat. (rF-) [potion of
                  | mutation]
 38783 | Vaults:2 | Gained mutation: Your mind is acute. (Int +4, Str/Dex -1)
                  | [potion of mutation]
 38783 | Vaults:2 | Gained mutation: You passively map a small area around you.
                  | [potion of mutation]
 39425 | Vaults:2 | Found Sopp's Antique Weapon Shoppe.
 40051 | Vaults:2 | Noticed a lich
 40053 | Vaults:2 | Killed a lich
 40064 | Vaults:2 | Learned a level 6 spell: Conjure Ball Lightning
 40071 | Vaults:2 | Learned a level 6 spell: Starburst
 40073 | Vaults:2 | Found a staircase to the Crypt.
 40295 | Vaults:3 | Offered knowledge of Lehudib's Crystal Spear by Vehumet.
 40295 | Vaults:3 | Offered knowledge of Shatter by Vehumet.
 40295 | Vaults:3 | Offered knowledge of Polar Vortex by Vehumet.
 40303 | Vaults:3 | Paralysed by a sphinx for 4 turns
 40336 | Vaults:3 | Found Ponur's Assorted Antiques.
 40363 | Vaults:3 | Bought a scroll of enchant armour for 157 gold pieces
 40964 | Vaults:3 | Found Cytwutie's Armour Shoppe.
 40967 | Vaults:3 | Noticed Asterion
 40973 | Vaults:3 | Killed Asterion
 41604 | Vaults:3 | Bought a +0 helmet of see invisible for 115 gold pieces
 41756 | Vaults:3 | Reached XP level 19. HP: 146/146 MP: 29/36
 42949 | Vaults:4 | Reached skill level 15 in Spellcasting
 42979 | Vaults:4 | Identified the +6 halberd of Dust {vamp, rC+ rCorr}
 43435 | Vaults:4 | Found Jim Fiw's Armour Shoppe.
 43591 | Vaults:4 | Reached skill level 1 in Armour
 43867 | Vaults:4 | Found a runed translucent gate.
 43868 | Vaults:4 | Found a runed translucent gate.
 43868 | Vaults:4 | Found a runed translucent gate.
 43925 | Vaults:4 | Paralysed by a sphinx for 2 turns
 44321 | Vaults:4 | Noticed handsome's ghost (veteran OpWn)
 44708 | D:15     | Reached skill level 5 in Armour
 44900 | D:15     | Got the Collected Works on Chilly Fire
 45150 | Depths:1 | Entered Level 1 of the Depths
 45502 | Depths:1 | Found a one-way gateway to a ziggurat.
 45617 | Depths:1 | Reached XP level 20. HP: 153/153 MP: 35/40
 46058 | Depths:1 | Found a gateway to Hell.
 46734 | Depths:2 | Found Vuufedwe's Jewellery Shoppe.
 46743 | Depths:2 | Found Jexkuz's Jewellery Shoppe.
 47081 | Depths:2 | Noticed a golden dragon
 47089 | Depths:2 | Killed a golden dragon
 48009 | Depths:3 | Noticed a golden dragon
 48015 | Depths:3 | Killed a golden dragon
 49230 | Depths:3 | Noticed a juggernaut
 49236 | Depths:3 | Killed a juggernaut
 49415 | Depths:3 | Got Sif Muna's Book of the Cuttlefish
 49694 | Depths:4 | Entered Level 4 of the Depths
 49709 | Depths:4 | Noticed Sojobo
 49714 | Depths:4 | Killed Sojobo
 49729 | Depths:4 | Reached skill level 10 in Stealth
 50008 | Depths:4 | Noticed a bone dragon
 50087 | Depths:4 | Killed a bone dragon
 50505 | Depths:4 | Found a basalt altar of Yredelemnul.
 50538 | Depths:4 | Found Hyirchejo's One-of-a-Kind Books.
 50574 | Depths:4 | Gained mutation: You sometimes gain power by taking damage.
                  | [demonic ancestry]
 50574 | Depths:4 | Reached XP level 21. HP: 154/159 MP: 41/41
 50714 | Depths:4 | Noticed a golden dragon
 50747 | Depths:4 | Found a gate to the Realm of Zot.
 51282 | Elf:1    | Entered Level 1 of the Elven Halls
 52126 | Elf:1    | Found a runed translucent gate.
 52126 | Elf:1    | Found a runed translucent gate.
 52126 | Elf:1    | Found a runed translucent gate.
 52127 | Elf:1    | Noticed Nezug's ghost (adept DsSh)
 52130 | Elf:1    | Noticed Doblui's ghost (adept MiFi)
 52130 | Elf:1    | Noticed Xusiz's ghost (adept OpSh)
 52383 | Elf:1    | Found Beeqea's Distillery.
 52388 | Elf:1    | Bought a potion of haste for 170 gold pieces
 52388 | Elf:1    | Bought a potion of curing for 51 gold pieces
 52613 | Elf:2    | Paralysed by an air elemental for 1 turns
 52623 | Elf:2    | Identified the +5 mace of Infinity {flame, ^Fragile rF+
                  | rC++ rN+}
 52837 | Elf:2    | Noticed Jorgrun
 52839 | Elf:2    | Killed Jorgrun
 53062 | Elf:2    | Found a runed translucent gate.
 53062 | Elf:2    | Found a runed translucent gate.
 53063 | Elf:2    | Found a runed translucent gate.
 53114 | Elf:2    | Paralysed by an air elemental for 1 turns
 53666 | Elf:3    | Entered Level 3 of the Elven Halls
 53674 | Elf:3    | Upgraded the game from 0.31.0-7-gf635a9b802 to
                  | 0.31.0-9-g3a7656b989
 53697 | Elf:3    | Reached skill level 15 in Dodging
 53997 | Elf:3    | Found Conk's Assorted Antiques.
 54053 | Elf:3    | Bought a potion of curing for 63 gold pieces
 54053 | Elf:3    | Bought a potion of curing for 63 gold pieces
 54411 | Elf:3    | Identified the +0 ice dragon scales of Objectivity {rElec
                  | rF- rC++ Will- Regen+ Dex+2}
 54444 | Elf:3    | Identified the +7 hand axe of Friendship {spect, rElec
                  | rF+++ MP+9 Int-3}
 54808 | Elf:3    | Identified the +6 quarterstaff of Doom {holy, rC- rN+++
                  | Int-4 SInv}
 54809 | Elf:3    | Identified the +7 flail "Owur" {antimagic, rN+ Str+2 Dex-5}
 54809 | Elf:3    | Identified the ring "Muz Jiol" {rCorr Int-4 Dex+6 SInv}
 54852 | Elf:3    | Got the Elucidation of Darkness
 54873 | Elf:3    | Identified the +5 rapier of the Pharaoh's Fist {heavy,
                  | rCorr SInv}
 55613 | Vaults:4 | Learned a level 5 spell: Yara's Violent Unravelling
 55869 | Spider:1 | Entered Level 1 of the Spider Nest
 56769 | Spider:2 | Noticed Mlioglotl
 56777 | Spider:2 | Killed Mlioglotl
 57513 | Spider:2 | Noticed Louise
 57514 | Spider:2 | Killed Louise
 57747 | Spider:2 | Identified the +3 arbalest of Magnificence {penet, Int+5}
 57857 | Spider:2 | Gained mutation: A meltable icy envelope protects you from
                  | harm. (AC +0) [demonic ancestry]
 57857 | Spider:2 | Reached XP level 22. HP: 166/166 MP: 38/42
 59599 | Spider:4 | Entered Level 4 of the Spider Nest
 59604 | Spider:4 | Noticed Arachne
 59606 | Spider:4 | Killed Arachne
 59961 | Spider:4 | Reached skill level 15 in Stealth
 61344 | Spider:4 | Got a gossamer rune of Zot
 61458 | Spider:4 | Identified the serpent talisman "Ytade" {rC++}
 61458 | Spider:4 | Noticed Aizul
 61462 | Spider:4 | Killed Aizul
 62119 | Slime:1  | Entered Level 1 of the Pits of Slime
 62127 | Slime:1  | Reached skill level 1 in Earth Magic
 62171 | Slime:2  | Reached skill level 2 in Earth Magic
 62329 | Slime:3  | Reached skill level 3 in Earth Magic
 62332 | Slime:3  | Reached skill level 4 in Earth Magic
 62339 | Slime:3  | Reached skill level 5 in Earth Magic
 62348 | Slime:3  | Reached skill level 6 in Earth Magic
 62465 | Slime:4  | Reached skill level 7 in Earth Magic
 62484 | Slime:4  | Reached skill level 8 in Earth Magic
 62836 | Slime:5  | Entered Level 5 of the Pits of Slime
 62855 | Slime:5  | Reached skill level 9 in Earth Magic
 62865 | Slime:5  | Reached skill level 10 in Earth Magic
 63027 | Slime:5  | Reached skill level 11 in Earth Magic
 63595 | Slime:5  | Learned a level 8 spell: Lehudib's Crystal Spear
 63606 | Slime:5  | Learned a level 9 spell: Shatter
 63634 | Slime:5  | Gained mutation: You are powered by pain. [demonic
                  | ancestry]
 63634 | Slime:5  | Reached XP level 23. HP: 172/172 MP: 38/43
 63770 | Slime:5  | Noticed the Royal Jelly
 64065 | Slime:5  | Found a viscous altar of Jiyva.
 64450 | Slime:5  | Killed the Royal Jelly
 64451 | Slime:5  | Reached skill level 12 in Earth Magic
 64809 | Slime:5  | Identified the +0 ring mail of Piopseic {rElec rF- Will+
                  | Str+4}
 64847 | Slime:5  | Got a slimy rune of Zot
 65350 | Vaults:5 | Entered Level 5 of the Vaults
 65356 | Vaults:5 | Reached skill level 13 in Earth Magic
 65394 | Vaults:5 | Noticed a dread lich
 65399 | Vaults:5 | Killed a dread lich
 65400 | Vaults:5 | Reached skill level 14 in Earth Magic
 65572 | Vaults:5 | Got a silver rune of Zot
 65851 | Vaults:5 | Identified the ring of the Blue Skies {rF+ Int+6}
 65877 | Vaults:5 | Reached skill level 15 in Earth Magic
 65881 | Vaults:5 | Identified the +5 trident of the New World {vamp, Str+5
                  | SInv}
 66020 | Vaults:5 | Identified the +5 dagger "Uhodwiu" {drain, rPois rN++
                  | Int-3}
 66023 | Vaults:5 | Reached skill level 16 in Earth Magic
 66034 | Vaults:5 | Noticed Boris
 66245 | Vaults:5 | Identified the +5 battleaxe of the Warrior {flame, rElec
                  | rPois rN+} (You took it off a necromancer on level 5 of the
                  | Vaults)
 66399 | Vaults:5 | Killed Boris
 66466 | Vaults:5 | Identified the staff "Vamus" {^Fragile rElec Dex+4 Air
                  | Earth}
 66857 | Vaults:5 | Noticed a dread lich
 66861 | Vaults:5 | Killed a dread lich
 66998 | Vaults:5 | Acquired the amulet of the Shouting Gods {Reflect rC+ rN+
                  | Dex+6 SH+5}
 67191 | Vaults:5 | Reached skill level 17 in Earth Magic
 67443 | Vaults:5 | Identified the +1 ring mail "Ybiubb" {Int+3}
 68387 | Vaults:4 | Gained mutation: You are robust. (+10% HP) [demonic
                  | ancestry]
 68387 | Vaults:4 | Reached XP level 24. HP: 155/195 MP: 43/43
 68388 | Vaults:4 | Reached skill level 1 in Polearms
 69202 | Zot:1    | Entered Level 1 of the Realm of Zot
 69402 | Zot:1    | Noticed an ancient lich
 69652 | Zot:1    | Noticed a Killer Klown
 69654 | Zot:1    | Killed a Killer Klown
 69660 | Zot:1    | Killed an ancient lich
 70282 | Zot:1    | Reached skill level 5 in Polearms
 70520 | Zot:1    | Reached skill level 10 in Armour
 72442 | Zot:1    | Noticed a Killer Klown
 72463 | Zot:1    | Killed a Killer Klown
 72467 | Zot:1    | Identified the +5 scale mail "Ogicras" {+Blink Int+3}
 72876 | Zot:1    | You fall into a shaft and drop 1 floor!
 72893 | Zot:1    | Upgraded the game from 0.31.0-9-g3a7656b989 to
                  | 0.31.0-10-gcf4a605ca0
 73141 | Zot:1    | Identified the +1 robe "Ozee" {^Contam Int+2 SInv}
 73459 | Zot:1    | Acquired the +1 kite shield of Lies {rElec rN+++ Str-5
                  | Stlth+}
 73501 | Zot:2    | Noticed an orb of fire
 73508 | Zot:2    | Gained mutation: You are weak. (Str -2) [an orb of fire]
 73509 | Zot:2    | Killed an orb of fire
 74614 | Zot:2    | Identified the +4 rapier "Baubuef" {elec, ^Drain Will+
                  | rCorr Dex+8}
 74974 | Zot:3    | Noticed an orb of fire
 74979 | Zot:3    | Gained mutation: You occasionally lose the ability to read
                  | scrolls when taking damage. [an orb of fire]
 74980 | Zot:3    | Gained mutation: You sometimes lose your temper in combat.
                  | [an orb of fire]
 75533 | Zot:3    | Noticed an orb of fire
 75543 | Zot:2    | Gained mutation: You are clumsy. (Dex -2) [an orb of fire]
 75544 | Zot:2    | Gained mutation: You have an uncontrollable temper.
                  | [mutagenic glow]
 75553 | Zot:2    | Killed an orb of fire
 75558 | Zot:2    | Gained mutation: Your health recovers twice as slowly from
                  | being drained. [mutagenic glow]
 75829 | Zot:2    | Lost mutation: Your mind is acute. (Int +4, Str/Dex -1)
                  | [potion of mutation]
 75829 | Zot:2    | Lost mutation: Your health recovers twice as slowly from
                  | being drained. [potion of mutation]
 75829 | Zot:2    | Gained mutation: Your mind is acute. (Int +4, Str/Dex -1)
                  | [potion of mutation]
 75830 | Zot:2    | Lost mutation: You are weak. (Str -2) [potion of mutation]
 75830 | Zot:2    | Lost mutation: Your mind is acute. (Int +4, Str/Dex -1)
                  | [potion of mutation]
 75830 | Zot:2    | Gained mutation: You are very clumsy. (Dex -4) [potion of
                  | mutation]
 75830 | Zot:2    | Gained mutation: Potions are less effective at restoring
                  | your health. [potion of mutation]
 75830 | Zot:2    | Gained mutation: You have a pair of small antennae on your
                  | head. [potion of mutation]
 75831 | Zot:2    | Lost mutation: You occasionally lose the ability to read
                  | scrolls when taking damage. [potion of mutation]
 75831 | Zot:2    | Lost mutation: You have a pair of small antennae on your
                  | head. [potion of mutation]
 75834 | Zot:2    | Lost mutation: You have an uncontrollable temper. [potion
                  | of mutation]
 75834 | Zot:2    | Lost mutation: You sometimes lose your temper in combat.
                  | [potion of mutation]
 75834 | Zot:2    | Gained mutation: Your magical capacity is low. (-10% MP)
                  | [potion of mutation]
 75834 | Zot:2    | Gained mutation: You are very robust. (+20% HP) [potion of
                  | mutation]
 75835 | Zot:2    | Lost mutation: Your magical capacity is low. (-10% MP)
                  | [potion of mutation]
 75835 | Zot:2    | Lost mutation: You are very robust. (+20% HP) [potion of
                  | mutation]
 75835 | Zot:2    | Lost mutation: You passively map a small area around you.
                  | [potion of mutation]
 75835 | Zot:2    | Lost mutation: You are very clumsy. (Dex -4) [potion of
                  | mutation]
 75835 | Zot:2    | Gained mutation: Your muscles are strong. (Str +4, Int/Dex
                  | -1) [potion of mutation]
 76163 | Orc:2    | Bought a potion of mutation for 112 gold pieces
 76163 | Orc:2    | Bought a potion of mutation for 112 gold pieces
 76163 | Orc:2    | Bought a potion of heal wounds for 70 gold pieces
 76163 | Orc:2    | Bought a potion of heal wounds for 70 gold pieces
 76163 | Orc:2    | Bought a potion of invisibility for 112 gold pieces
 76224 | Elf:1    | Bought 2 potions of brilliance for 136 gold pieces
 76224 | Elf:1    | Bought a potion of brilliance for 68 gold pieces
 76224 | Elf:1    | Bought a potion of might for 68 gold pieces
 76268 | Elf:3    | Bought a potion of brilliance for 84 gold pieces
 76268 | Elf:3    | Bought a potion of heal wounds for 105 gold pieces
 76268 | Elf:3    | Bought a scroll of teleportation for 63 gold pieces
 76268 | Elf:3    | Bought a wand of light (4) for 352 gold pieces
 76557 | Vaults:1 | Bought a potion of mutation for 120 gold pieces
 76813 | Lair:5   | Killed Shen's ghost
 77379 | Zot:3    | Reached skill level 10 in Polearms
 77696 | Zot:3    | Upgraded the game from 0.31.0-10-gcf4a605ca0 to
                  | 0.31.0-11-ge490571c62
 77864 | Zot:3    | Gained mutation: You are very robust. (+20% HP) [demonic
                  | ancestry]
 77864 | Zot:3    | Reached XP level 25. HP: 160/220 MP: 43/43
 78188 | Zot:3    | Noticed a Killer Klown
 79097 | Zot:3    | Gained mutation: You occasionally lose the ability to read
                  | scrolls when taking damage. [an orb of fire]
 79098 | Zot:3    | Killed an orb of fire
 79776 | Zot:3    | Noticed an ancient lich
 79779 | Zot:3    | Killed an ancient lich
 79806 | Zot:3    | Killed a Killer Klown
 81432 | Zot:4    | Reached skill level 1 in Shields
 81443 | Zot:4    | Reached skill level 18 in Earth Magic
 82654 | Zot:4    | Reached skill level 5 in Shields
 83218 | Crypt:1  | Entered Level 1 of the Crypt
 84126 | Crypt:2  | Reached skill level 19 in Earth Magic
 84335 | Crypt:2  | Identified the +1 quarterstaff "Zobuenazoxt" {spect, rF++
                  | Int-2}
 84942 | Crypt:2  | Reached XP level 26. HP: 229/229 MP: 39/43
 85471 | Crypt:3  | Entered Level 3 of the Crypt
 85529 | Crypt:3  | Noticed Grunn
 85531 | Crypt:3  | Paralysed by a vampire knight for 4 turns
 85537 | Crypt:3  | Killed Grunn
 86221 | Crypt:3  | Found a staircase to the Tomb.
 86266 | Crypt:3  | Identified the +9 shortbow of the Grim God {freeze, Fly
                  | rF+}
 86757 | Crypt:3  | Noticed a dread lich
 86762 | Crypt:3  | Reached skill level 20 in Earth Magic
 86762 | Crypt:3  | Killed a dread lich
 86763 | Crypt:3  | Reached skill level 10 in Shields
 86783 | Crypt:3  | Identified the ring of Plog {rPois Stlth+}
 86788 | Crypt:3  | Identified the staff of Qaulam {rN+ Dex+3 Necro}
 86788 | Crypt:3  | Identified the death talisman of Juvot {rElec Str+3 Int-2
                  | Dex+6}
 87337 | Zot:5    | Entered Level 5 of the Realm of Zot
 87338 | Zot:5    | Noticed an orb of fire
 87360 | Zot:5    | Gained mutation: Your body sometimes deteriorates upon
                  | taking damage. [an orb of fire]
 87365 | Zot:5    | Killed an orb of fire
 88695 | Zot:5    | Noticed an orb of fire
 88698 | Zot:5    | Found a runed translucent gate.
 88699 | Zot:5    | Found a runed translucent gate.
 88700 | Zot:5    | Found a runed translucent gate.
 88702 | Zot:5    | Noticed Netemen's ghost (master GnFi)
 88705 | Zot:5    | Gained mutation: Your magical capacity is low. (-10% MP)
                  | [an orb of fire]
 88706 | Zot:5    | Gained mutation: Your body often deteriorates upon taking
                  | damage. [an orb of fire]
 88714 | Zot:5    | Killed an orb of fire
 89378 | Zot:5    | Killed Netemen's ghost
 89908 | Zot:5    | Noticed an orb of fire
 89918 | Zot:5    | Gained mutation: You do not regenerate when monsters are
                  | visible. [an orb of fire]
 89921 | Zot:5    | Killed an orb of fire
 89931 | Zot:5    | Noticed an orb of fire
 89931 | Zot:5    | Gained mutation: You are vulnerable to cold. (rC-) [an orb
                  | of fire]
 89947 | Zot:5    | Noticed an ancient lich
 89949 | Zot:5    | Lost mutation: You do not regenerate when monsters are
                  | visible. [potion of mutation]
 89949 | Zot:5    | Lost mutation: You are clumsy. (Dex -2) [potion of
                  | mutation]
 89949 | Zot:5    | Lost mutation: You are vulnerable to cold. (rC-) [potion of
                  | mutation]
 89949 | Zot:5    | Gained mutation: Armour fits poorly on your strangely
                  | shaped body. [potion of mutation]
 89960 | Zot:5    | Killed an ancient lich
 90016 | Zot:5    | Gained mutation: You are extremely robust. (+30% HP)
                  | [demonic ancestry]
 90016 | Zot:5    | Reached XP level 27. HP: 137/263 MP: 22/39
 90030 | Zot:5    | Noticed an ancient lich
 90351 | Zot:5    | Noticed a dread lich
 90357 | Zot:5    | Killed a dread lich
 90371 | Zot:5    | Reached skill level 21 in Earth Magic
 90628 | Zot:5    | Killed an ancient lich
 90656 | Zot:5    | Gained mutation: You sometimes lose your temper in combat.
                  | [an orb of fire]
 90683 | Zot:5    | Killed an orb of fire
 91258 | Zot:5    | Identified the +3 ring mail of Ufeiq {rPois}
 92896 | Zot:5    | Lost mutation: You occasionally lose the ability to read
                  | scrolls when taking damage. [potion of mutation]
 92896 | Zot:5    | Lost mutation: Your magical capacity is low. (-10% MP)
                  | [potion of mutation]
 92896 | Zot:5    | Lost mutation: You sometimes lose your temper in combat.
                  | [potion of mutation]
 92896 | Zot:5    | Lost mutation: Your body often deteriorates upon taking
                  | damage. [potion of mutation]
 93827 | Lair:5   | Voluntarily entered the Abyss.
 93981 | Abyss:1  | Reached skill level 15 in Fighting
 94110 | Abyss:1  | Found a basalt altar of Yredelemnul.
 95030 | Abyss:3  | Found a corrupted altar of Lugonu.
 95108 | Abyss:3  | Got an abyssal rune of Zot
 95146 | Lair:5   | Escaped the Abyss
 95512 | Orc:2    | Learned a level 4 spell: Animate Armour
 95513 | Pan      | Entered Pandemonium
 95536 | Pan      | Reached skill level 1 in Summonings
 96025 | Pan      | Reached skill level 15 in Armour
 96047 | Pan      | Found a transporter.
 96065 | Pan      | Found a transporter.
 96306 | Pan      | Reached skill level 5 in Summonings
 96615 | Pan      | Lost mutation: Your muscles are strong. (Str +4, Int/Dex
                  | -1) [a cacodemon]
 97529 | Pan      | Gained mutation: Your spells are a little easier to cast,
                  | but a little less powerful. [a cacodemon]
 97560 | Pan      | Gained mutation: Your spells are easier to cast, but less
                  | powerful. [a cacodemon]
 97579 | Pan      | Lost mutation: Your spells are easier to cast, but less
                  | powerful. [potion of mutation]
 97579 | Pan      | Lost mutation: Potions are less effective at restoring your
                  | health. [potion of mutation]
 97579 | Pan      | Gained mutation: You expend magic power (3 MP) to
                  | strengthen your wands. [potion of mutation]
 97712 | Pan      | Gained mutation: You are clumsy. (Dex -2) [a cacodemon]
 97713 | Pan      | Gained mutation: Your body often deteriorates upon taking
                  | damage. [a cacodemon]
 97721 | Pan      | Gained mutation: You have hidden genetic defects. [a
                  | cacodemon]
 97724 | Pan      | Gained mutation: Your magical capacity is low. (-10% MP) [a
                  | cacodemon]
 97735 | Pan      | Lost mutation: You are clumsy. (Dex -2) [potion of
                  | mutation]
 97735 | Pan      | Lost mutation: You expend magic power (3 MP) to strengthen
                  | your wands. [potion of mutation]
 97735 | Pan      | Gained mutation: Potions are less effective at restoring
                  | your health. [potion of mutation]
 97735 | Pan      | Gained mutation: You have a pair of small antennae on your
                  | head. [potion of mutation]
 97737 | Pan      | Lost mutation: You have hidden genetic defects. [potion of
                  | mutation]
 97737 | Pan      | Lost mutation: Your magical capacity is low. (-10% MP)
                  | [potion of mutation]
 97737 | Pan      | Lost mutation: Armour fits poorly on your strangely shaped
                  | body. [potion of mutation]
 97737 | Pan      | Gained mutation: Your muscles are strong. (Str +4, Int/Dex
                  | -1) [potion of mutation]
 97737 | Pan      | Gained mutation: You are covered in fur. (AC +1) [potion of
                  | mutation]
 97911 | Pan      | Identified the ring "Eneqe" {rElec rF+ MP+9}
 97955 | Pan      | Identified the +1 cloak of the Loofah {Dex+5}
 98097 | Pan      | Found a runed translucent door.
 98394 | Pan      | Noticed Wurig the pandemonium lord
 98415 | Pan      | Killed Wurig the pandemonium lord
 98416 | Pan      | Reached skill level 10 in Summonings
 99257 | Pan      | Reached skill level 22 in Earth Magic
 99284 | Pan      | Found an exit through the horrors of the Abyss.
 99324 | Pan      | HP: 10/274 [burnt (8)]
 99329 | Pan      | HP: 5/274 [burnt (6)]
 99331 | Pan      | HP: 2/274 [burnt (6)]
 99333 | Pan      | Slain by a demonic crawler

Illustrated notes

Levels and vault maps discovered:
D:1:      dpeg_arrival_boxorama, layout_loops_ring
D:2:      layout_basic, uniq_jessica
D:3:      minmay_recursive_quarters, layout_loops_ring, serial_shops, shop,
          shapermc_ecumenical_altar_totnotflames, minmay_cut_off
D:4:      layout_loops_ring, led_xom_imps
D:5:      layout_loops_corners, nicolae_dithmenos_the_darkroom,
          chequers_ossuary_entry_cave, solitary_fountain, minmay_manual_maat
D:6:      layout_loops_cross, minmay_temple_entry_hall
D:7:      layout_basic, mainiacjoe_overflow_small_starburst,
          grunt_temple_overflow_open, corner_web_ring
D:8:      layout_basic
D:9:      layout_roguey
D:10:     layout_roguey, tgw_kikubaaqudgha, lemuel_round_altar,
          due_lair_maze_entry_diamond, gammafunk_ghost_nasty_kobolds,
          enter_bailey_6
D:11:     layout_layer_cave, david_orc_1_choice, serial_shops, shop
D:12:     layout_basic, nicolae_gozag_seed_capital
D:13:     layout_cave_pools, hellmonk_vaults_order_and_chaos, tgw_trog,
          uniq_sonja
D:14:     layout_cave_pools, corexii_corridor_pit, serial_shops,
          nicolae_shop_industrial_runoff, minmay_the_grid_square_5x5_3x3_mashed
          [minmay_the_grid_square_5x5_shrine1, minmay_the_grid_square_5x5_two,
          minmay_the_grid_square_5x5_one_wall,
          minmay_the_grid_square_5x5_tri_point,
          minmay_the_grid_square_5x5_megaprize_diamond,
          minmay_the_grid_square_5x5_eight,
          minmay_the_grid_square_5x5_pentomino_r,
          minmay_the_grid_square_5x5_eight_small,
          minmay_the_grid_square_5x5_percent]
D:15:     hangedman_crystal_crosses_colossus [crystal_crosses_arms_four,
          crystal_crosses_arms_two, crystal_crosses_arms_one]
Temple:   nicolae_temple_bog_church
Lair:1:   layout_loops_ring, grunt_megastairs_4, serial_bayou_shore_b,
          serial_bayou_shore_b
Lair:2:   layout_regular_city
Lair:3:   layout_regular_city, elwin_shoals_entry_stream,
          nicolae_spider_entry_tight_spaces, gammafunk_ghost_icy, st_stairs_8,
          chequers_serial_rivers_micro_b, dreamdust_deal_with_the_devil,
          uniq_nergalle, uniq_josephine
Lair:4:   layout_hall_layers, serial_bayou_pond_e, grunt_megastairs_3
Lair:5:   hellmonk_lair_end_abyssal_woods, layout_concentric_octagons,
          dpeg_slime_entry_corner, hellmonk_ghost_happy_afterlife,
          chequers_serial_rivers_small_b
Shoals:1: layout_shoals, nicolae_splish_splash
Shoals:2: layout_shoals, serial_shops, nicolae_shop_trees, uniq_polyphemus,
          uniq_ilsuiw
Shoals:3: layout_shoals, serial_shops, shop, minmay_shop_enchanted_jewellery,
          uniq_nikola
Shoals:4: shoals_end_hellmonk_holy_island
Spider:1: layout_spider_delve
Spider:2: layout_chambers, hangedman_spider_trapstep, uniq_mlioglotl,
          uniq_louise
Spider:3: layout_cave_pods
Spider:4: grunt_spider_rune_circles, guppyfry_hornet_nest, uniq_aizul,
          uniq_arachne
Slime:1:  layout_caves
Slime:2:  layout_caves
Slime:3:  layout_caves, nicolae_slime_barrier
Slime:4:  layout_caves
Slime:5:  slime_pit_nicolae_royal_road_to_ruin
Orc:1:    hellmonk_paralyzer, layout_caves, basic_altar, minmay_orc_barracks
Orc:2:    pf_orc_diabolical, layout_diamond_mine
Elf:1:    minmay_elf_arrival_plus, layout_geoelf_diagonals,
          gammafunk_ghost_cemetery, serial_shops, nicolae_shop_rolling_square,
          minmay_elf_crystal_hexagon
Elf:2:    elven_hall_of_blades_hangedman_original [nicolae_blade_lattice],
          layout_geoelf_octagon, st_stairs_11, uniq_saint_roka, uniq_jorgrun
Elf:3:    minmay_elf_hall_statues, layout_rooms, serial_shops, shop
Vaults:1: nicolae_vaults_specimen_jars, nicolae_vaults_door_testing_chamber,
          nicolae_vaults_diagonal_hallway_9, vaults_room_large_hall, v_misc_12,
          nicolae_vaults_double_plus_1, layout_vaults_quadrants, serial_shops,
          shop
Vaults:2: nicolae_vaults_storage_room_doors, minmay_crypt_entry_nasty_monster,
          nicolae_vaults_mitosis, ontoclasm_vaults_ligature, vaults_dpeg_spiral,
          ontoclasm_vaults_shuriken, nicolae_vaults_little_squares_6, v_misc_31,
          nicolae_vaults_hexular_roomagon, vaults_mumra_hexcomb,
          ontoclasm_vaults_spin, layout_vaults_big_room, serial_shops, shop
Vaults:3: v_misc_9, v_misc_13, serial_library_regret_index_small_wings,
          v_misc_27, v_rooms_4, vaults_dpeg_hooks, hangedman_vaults_hat,
          nicolae_vaults_back_hallway, nicolae_vaults_little_squares_2,
          nicolae_vaults_windows_and_doors_thing,
          nicolae_vaults_doubleplus_tesselated, layout_vaults_maze_bifur,
          serial_shops, shop_coins, shop, uniq_asterion
Vaults:4: gammafunk_ghost_necromancy, ontoclasm_vaults_claustrophobia, v_misc_5,
          nicolae_vaults_arrows, nicolae_vaults_taking_the_gang_shopping,
          v_rooms_6, nicolae_vaults_double_plus_1, v_pattern_5,
          nicolae_vaults_three_branches, st_spiral_rooms, v_misc_15,
          vaults_room_pool, vaults_room_door_ring, vaults_room_hallway,
          layout_vaults_omnibox
Vaults:5: uniq_boris
Crypt:1:  layout_misc_corridors
Crypt:2:  layout_rooms, serial_co_window_serial, co_window_corner_a,
          co_window_of_opportunity_a, co_window_corner_a, co_window_cross_1,
          co_window_corner_a, co_window_broadway_a, co_window_broadway_c,
          co_window_cross_3, co_window_broadway_b, co_window_broadway_a,
          co_window_broadway_c, co_window_4corner_a, co_window_paths_e,
          glass_columns_c, st_stairs_5
Crypt:3:  david_glass_crypt, layout_gridlike, tomb_entry_simple_bobbens,
          nicolae_crypt_booths_of_the_dead, uniq_grunn
Depths:1: layout_forbidden_donut, enter_ziggurat_c,
          nicolae_cairo_tiling_very_big, grunt_hell_entry_dis_grunt,
          serial_bayou_lagoon_b, serial_bayou_shore_b
Depths:2: kennysheep_blocky_hall, layout_cross, pf_coc_iceberg,
          serial_column_ruins, column_ruins_pillar_7, column_ruins_pillar_9,
          column_ruins_pillar_4, column_ruins_pillar_1, column_ruins_pillar_6,
          column_ruins_pillar_4, column_ruins_pillar_7, column_ruins_pillar_4,
          column_ruins_pillar_3, column_ruins_pillar_9, column_ruins_pillar_2,
          column_ruins_pillar_2, column_ruins_pillar_3, column_ruins_pillar_11,
          column_ruins_pillar_6, column_ruins_pillar_6, column_ruins_pillar_5,
          column_ruins_pillar_1, column_ruins_portal_squares,
          minmay_misc_feat_secret_circle, rand_demon_pan_entry_9,
          minmay_shop_star
Depths:3: kennysheep_green_arena, layout_cave_pools, abyss_entry, hell_entry,
          roderic_lattice_a, pan_entry
Depths:4: evilmike_zot_entry_round, layout_cave_shapes, hell_entry,
          hangedman_decor_riveting, nicolae_rare_books,
          yredelemnul_altar_generic, uniq_sojobo
Zot:1:    layout_gridlike, hangedman_player_shredder
Zot:2:    layout_misc_corridors, uniq_josephina
Zot:3:    hangedman_zot_vaults_quadrants, layout_cathedral_of_symmetry,
          skrybe_zot_glass_1
Zot:4:    layout_gridville
Zot:5:    layout_cathedral_of_symmetry, gammafunk_ghost_ooze,
          regret_index_zotdec_onion_hex, st_stairs_3
Pan:      gammafunk_the_bubble [the_bubble_gammafunk_grid], layout_basic,
          pan_blood_fountain_2, nicolae_pan_mnolegish_4, rand_demon_9,
          layout_stronghold

Skill      XL: |  1  2  3  4  5  6  7  8  9 10 11 12 13 14 15 16 17 18 19 20 21 22 23 24 25 26 27 |
---------------+----------------------------------------------------------------------------------+-----
Stealth        | 2 5 6 10 14 15 | 15.7
Dodging        | 2 5 7 8 9 11 14 16 17 | 17.3
Alchemy        | 5 6 7 8 |  8.7
Fire Magic     | 2 6 8 10 12 13 | 13.4
Spellcasting   | 4 6 11 13 16 17 | 17.9
Fighting       | 4 8 10 12 13 16 | 16.2
Conjurations   | 5 8 10 | 10.1
Evocations     | 6 9 13 15 16 17 | 17.7
Ice Magic      | 5 6 |  6.8
Air Magic      | 5 9 |  9.0
Armour         | 7 8 12 13 17 | 17.4
Earth Magic    | 11 17 19 20 22 | 22.0
Polearms       | 10 12 | 12.0
Shields        | 7 10 | 10.0
Summonings     | 10 | 10.0

Action                     |  1- 3 |  4- 6 |  7- 9 | 10-12 | 13-15 | 16-18 | 19-21 | 22-24 | 25-27 || total
---------------------------+-------+-------+-------+-------+-------+-------+-------+-------+-------++-------
  Melee: Flail             |    20 |    21 |     1 |       |       |       |       |       |       ||    42
         Punch             |     1 |       |     5 |     2 |       |       |       |       |    19 ||    27
         Unarmed           |     1 |       |       |       |       |       |       |       |       ||     1
         Touch             |       |     1 |    43 |    11 |       |       |       |       |   193 ||   248
         Staff             |       |       |   180 |    76 |    30 |    10 |    28 |    46 |       ||   370
         Lance             |       |       |       |       |       |       |       |   335 |  1285 ||  1620
   Cast: Sting             |    64 |   106 |   164 |    56 |       |       |       |       |       ||   390
         Mercury Vapours   |       |     1 |     2 |     1 |     1 |       |       |       |       ||     5
         Mephitic Cloud    |       |     3 |     8 |    33 |   122 |     6 |       |       |       ||   172
         Sticky Flame      |       |       |    13 |    23 |    40 |       |       |       |       ||    76
         Olgreb's Toxic Ra |       |       |     9 |    54 |    93 |     1 |     2 |     1 |       ||   160
         Ignite Poison     |       |       |     4 |    38 |    76 |       |       |       |       ||   118
         Frozen Ramparts   |       |       |       |     1 |       |       |       |       |       ||     1
         Iskenderun's Myst |       |       |       |    12 |   291 |    65 |    59 |    50 |     3 ||   480
         Plasma Beam       |       |       |       |       |    53 |   271 |   596 |   460 |   379 ||  1759
         Fireball          |       |       |       |       |       |   200 |    36 |    26 |    14 ||   276
         Starburst         |       |       |       |       |       |     6 |    10 |    83 |    18 ||   117
         Conjure Ball Ligh |       |       |       |       |       |     5 |       |     5 |       ||    10
         Yara's Violent Un |       |       |       |       |       |       |       |     2 |     4 ||     6
         Lehudib's Crystal |       |       |       |       |       |       |       |    33 |   116 ||   149
         Shatter           |       |       |       |       |       |       |       |       |    92 ||    92
  Evoke: Wand              |       |       |       |     1 |     2 |       |       |    17 |    28 ||    48
         Lightning rod     |       |       |       |       |     3 |       |       |     2 |       ||     5
         Sack of spiders   |       |       |       |       |       |     1 |       |       |     1 ||     2
         Phial of floods   |       |       |       |       |       |       |       |       |     1 ||     1
         Condenser vane    |       |       |       |       |       |       |       |       |     1 ||     1
    Use: Scroll            |     2 |     3 |    10 |     6 |    10 |    17 |       |    20 |    10 ||    78
         Potion            |       |     1 |     5 |     1 |       |     7 |     1 |    29 |    30 ||    74
   Stab: Sleeping          |     1 |       |       |       |       |       |       |     1 |       ||     2
         Confused          |       |       |     3 |     2 |       |       |       |       |       ||     5
         Distracted        |       |       |       |       |       |       |       |     2 |     1 ||     3
         Invisible         |       |       |       |       |       |       |       |       |     1 ||     1
 Armour: Robe              |    25 |    39 |   208 |    44 |   102 |   148 |   183 |   325 |    53 ||  1127
         Leather armour    |       |       |       |    11 |       |       |       |       |       ||    11
         Troll leather arm |       |       |       |    35 |    86 |       |       |       |       ||   121
         Pearl dragon scal |       |       |       |       |       |     7 |       |   512 |   756 ||  1275
  Dodge: Dodged            |    26 |    36 |   163 |    99 |   138 |   105 |    87 |   547 |   718 ||  1919
  Block: Other             |       |       |       |    25 |       |       |       |       |   180 ||   205
         Buckler           |       |       |       |       |       |       |       |       |   209 ||   209
         Reflection        |       |       |       |       |       |       |       |       |     5 ||     5
